Map: 아너그라운드 - 래더

Players

ByuN - Winner!

  • Race: Terran Terran
  • Spawn Location: 5:00

Solar

  • Race: Zerg Zerg
  • Spawn Location: 7:00

Event: IEM XI Katowice - World Championship 2017

VOD

https://www.youtube.com/watch?v=L1SWJ0tv0Ho

Description

Time

  • Played on: March 2, 2017, 12:16 a.m.
  • Length: 12:06

All games in this series

Show
View Real Time Build Order
Export as new Build Order

ByuN Terran - Winner!

Build Orders: MMM Bio 

Get SALT Encoding   

  12  0:00  SCV  
  13  0:12  SCV  
  14  0:17  Supply Depot  
  14  0:24  SCV  
  15  0:38  SCV  
  15  0:39  Barracks  
  16  0:44  Refinery  
  16  0:50  SCV  
  17  1:01  Barracks  
  17  1:04  SCV  
  18  1:16  SCV  
  19  1:21  Barracks  
  19  1:26  Reaper  
  20  1:37  Orbital Command  
  20  1:46  Refinery  
  20  1:47  Reaper  
  21  1:54  Supply Depot  
  21  2:02  Reaper  
  21  2:04  SCV  
  23  2:16  Reaper, SCV  
  25  2:24  Supply Depot  
  25  2:27  Reaper  
  26  2:31  SCV  
  26  2:35  Reaper  
  28  2:43  SCV  
  29  2:48  Reaper  
  30  2:56  SCV  
  31  3:01  Command Center  
  31  3:04  Reaper  
  32  3:10  SCV  
  32  3:12  Supply Depot  
  33  3:13  Reaper  
  34  3:20  Reaper  
  34  3:22  SCV  
  35  3:34  SCV  
  35  3:36  Reaper  
  38  3:50  SCV  
  38  3:53  Barracks Tech Lab  
  38  3:54  Command Center  
  38  3:55  Barracks Reactor  
  38  4:02  SCV  
  39  4:14  SCV  
  38  4:19  Concussive Shells  
  38  4:20  Marine  
  39  4:26  SCV, Orbital Command  
  40  4:32  Barracks Reactor  
  40  4:35  Reaper x2  
  41  4:38  SCV  
  41  4:40  Reaper, Refinery x2  
  43  4:51  SCV x2  
  45  4:57  Engineering Bay  
  45  4:58  Engineering Bay  
  45  5:03  Stimpack, SCV  
  45  5:04  SCV  
  45  5:06  Marine  
  45  5:07  Marine  
  47  5:08  Marine  
  47  5:09  Marine  
  47  5:14  Orbital Command  
  51  5:15  SCV  
  51  5:16  SCV  
  51  5:18  Marine  
  54  5:25  Terran Infantry Weapons Level 1  
  54  5:27  SCV  
  55  5:28  Terran Infantry Armor Level 1  
  55  5:35  Factory  
  55  5:37  Marine x2  
  57  5:43  Marine x2  
  57  5:47  Marine  
  59  5:53  SCV x2  
  59  5:55  Marine x2  
  63  5:59  SCV  
  63  6:00  Marine  
  63  6:01  Marine  
  66  6:05  Marine, SCV x2  
  67  6:13  Factory  
  67  6:14  Marine x2  
  67  6:17  SCV x2, Orbital Command  
  71  6:18  Marine x2  
  71  6:20  Supply Depot  
  71  6:22  Factory Reactor, Starport  
  71  6:23  Marine  
  74  6:29  SCV x2  
  74  6:31  Armory  
  76  6:36  Marine  
  76  6:39  Marine x2  
  77  6:40  Marine  
  77  6:41  Marine  
  77  6:42  SCV x2  
  77  6:43  SCV  
  79  6:54  Marine, SCV x2  
  79  6:55  SCV  
  79  6:56  Marine  
  79  6:57  Marine  
  85  7:02  Supply Depot  
  85  7:04  Barracks  
  85  7:07  Factory Reactor  
  85  7:08  Marine  
  85  7:09  SCV x3  
  85  7:10  Medivac  
  85  7:11  Barracks  
  85  7:12  Medivac  
  93  7:17  Supply Depot, Combat Shields  
  93  7:18  Supply Depot  
  93  7:23  Marine x3, SCV x3  
  93  7:25  Supply Depot  
  93  7:26  Marine  
  93  7:29  Marine  
  101  7:39  SCV x3  
  101  7:41  Marine x3, Supply Depot  
  101  7:42  Medivac x2  
  111  7:44  Marine, Supply Depot  
  111  7:46  Terran Infantry Weapons Level 2  
  111  7:47  Marine  
  111  7:48  Terran Infantry Armor Level 2  
  111  7:51  Widow Mine x2, SCV x2  
  115  7:53  SCV  
  120  8:02  Barracks Reactor x2  
  120  8:03  SCV  
  121  8:06  Marine x5, Supply Depot  
  121  8:07  Supply Depot  
  126  8:22  Barracks  
  126  8:23  Widow Mine x2, Barracks x2, Medivac x2  
  134  8:27  Marine x3  
  134  8:31  Marine, Marauder  
  140  8:40  Marine x4  
  144  8:48  Refinery  
  144  8:49  Supply Depot  
  144  8:50  Supply Depot  
  144  8:52  Marine, Widow Mine x2, Supply Depot  
  144  8:53  Marine  
  144  8:54  Marine x2  
  144  8:55  Marine  
  153  8:57  Marine  
  153  9:06  Marine  
  153  9:07  Marine x2  
  153  9:09  Medivac  
  152  9:13  Marauder  
  152  9:15  Barracks Tech Lab x2, Barracks Reactor  
  154  9:19  Marine x3  
  154  9:20  Marine, Widow Mine  
  154  9:22  Widow Mine  
  154  9:23  Marine  
  161  9:32  Marine x3  
  161  9:34  Marine x2  
  161  9:35  Marauder  
  168  9:44  Marine x2  
  167  9:49  Widow Mine  
  167  9:50  Widow Mine  
  167  9:51  Marine x2  
  167  9:52  Marauder x2  
  176  9:54  Medivac  
  176  9:55  Marine, Medivac  
  181  10:01  Marine x5  
  181  10:02  Marauder  
  188  10:09  Supply Depot  
  188  10:15  Marauder  
  188  10:17  Command Center  
  189  10:27  Widow Mine  
  189  10:28  Marine  
  189  10:29  Marine, Widow Mine, Marauder  
  189  10:30  Marine x2  
  189  10:31  Marine  
  189  10:32  Marine  
  189  10:33  Marine x2  
  189  10:34  Marine x3  
  188  10:37  Marine  
  189  10:45  Marine  
  189  10:46  Marine  
  189  10:48  Marine x2  
  179  10:52  Marine x5  
  179  10:53  Marine x2  
  179  10:54  Marine  
  179  10:56  Marine, Widow Mine, Unknown x2  
  168  10:57  Widow Mine  
  168  11:01  Unknown x2  
  168  11:03  Marine  
  165  11:04  Marine  
  165  11:05  Marine  
  165  11:06  Marine, Medivac x2  
  165  11:10  Marine x6  
  165  11:11  Marine  
  157  11:12  Marine  
  157  11:15  Marine  
  159  11:21  Marine  
  159  11:22  Marine  
  159  11:23  Marine  
  159  11:24  Marine, Widow Mine  
  165  11:26  Widow Mine  
  165  11:31  Marine x5  
  172  11:34  Missile Turret  
  168  11:43  Marine x2  
  168  11:44  Marine x5  
  152  11:47  Marine  
Show
View Real Time Build Order
Export as new Build Order

Solar Zerg 

Build Orders: Hatch First, Muta Ling Bane 

Get SALT Encoding   

  12  0:00  Drone  
  13  0:12  Overlord  
  13  0:17  Drone  
  14  0:31  Drone x2  
  14  0:35  Drone  
  17  0:52  Hatchery  
  17  0:56  Drone  
  17  0:59  Drone  
  18  1:09  Extractor  
  17  1:14  Spawning Pool  
  16  1:18  Drone  
  16  1:21  Drone  
  18  1:29  Drone  
  19  1:39  Overlord  
  19  2:02  Zergling x4, Queen  
  19  2:04  Zergling x2, Queen  
  26  2:11  Metabolic Boost  
  26  2:13  Drone  
  27  2:16  Drone  
  27  2:22  Drone  
  29  2:25  Drone  
  30  2:36  Drone  
  31  2:38  Queen  
  31  2:42  Spore Crawler  
  33  2:44  Overlord  
  33  2:47  Queen  
  33  2:50  Drone  
  35  3:04  Zergling x6  
  38  3:06  Overlord  
  38  3:10  Zergling x8  
  38  3:12  Zergling x2  
  43  3:17  Zergling x4  
  43  3:20  Zergling x2  
  43  3:29  Zergling x4  
  45  3:36  Overlord  
  45  3:41  Drone  
  46  3:50  Zergling x8  
  46  3:54  Overlord  
  46  3:55  Drone  
  51  4:01  Zergling x4  
  53  4:03  Drone  
  53  4:08  Drone x2  
  55  4:19  Drone  
  55  4:22  Drone  
  55  4:24  Drone  
  56  4:25  Hatchery  
  56  4:26  Drone  
  56  4:27  Overlord, Drone  
  56  4:28  Drone  
  56  4:30  Drone  
  59  4:33  Overlord  
  59  4:35  Drone  
  59  4:38  Drone  
  61  4:44  Drone  
  62  4:48  Extractor  
  62  4:50  Queen  
  63  4:53  Drone x2  
  66  5:00  Drone x2  
  66  5:02  Overlord  
  66  5:05  Drone x2  
  69  5:10  Drone  
  69  5:11  Drone  
  69  5:12  Evolution Chamber, Drone  
  69  5:13  Drone  
  72  5:15  Evolution Chamber  
  72  5:16  Drone  
  72  5:24  Drone  
  72  5:26  Drone  
  72  5:36  Queen  
  72  5:37  Zergling x2  
  72  5:38  Zergling x4  
  72  5:41  Zergling x12  
  81  5:49  Zergling x4  
  79  5:54  Queen x2  
  79  5:55  Zergling x2  
  82  5:57  Zerg Melee Weapons Level 1, Zerg Ground Armor Level 1  
  82  5:58  Zergling x2  
  82  6:06  Zergling x4  
  82  6:11  Drone x2  
  84  6:12  Drone  
  84  6:13  Drone  
  84  6:14  Lair  
  84  6:15  Drone x2  
  88  6:22  Overlord  
  88  6:23  Drone x2  
  90  6:25  Drone  
  90  6:26  Drone x2  
  90  6:28  Extractor x2  
  90  6:30  Baneling Nest  
  89  6:36  Drone x2  
  89  6:38  Drone  
  86  6:41  Drone  
  86  6:44  Drone x2  
  86  6:45  Drone x2  
  85  6:47  Drone  
  85  6:53  Drone  
  87  6:56  Hatchery  
  87  6:58  Spore Crawler, Extractor  
  87  7:00  Extractor  
  87  7:01  Zergling x4  
  84  7:06  Zergling x2  
  86  7:13  Hatchery  
  86  7:14  Drone x2  
  88  7:15  Drone  
  88  7:18  Drone x3  
  88  7:19  Baneling, Drone  
  88  7:20  Baneling x5  
  88  7:21  Centrifical Hooks  
  92  7:22  Overlord  
  92  7:23  Overseer  
  92  7:25  Zergling x10  
  97  7:32  Zergling x6  
  97  7:33  Spire  
  99  7:37  Baneling x2  
  99  7:39  Drone  
  99  7:41  Drone  
  99  7:42  Drone  
  102  7:46  Overlord x2  
  102  7:47  Baneling x2  
  102  7:48  Zergling x2  
  102  7:50  Zergling x2  
  104  7:52  Overseer, Baneling x3  
  104  7:54  Drone  
  104  7:55  Zergling x2  
  104  7:56  Spore Crawler, Zergling x6  
  104  7:57  Zergling x2  
  104  7:58  Zergling x2  
  110  8:01  Baneling x2  
  110  8:02  Baneling x2  
  110  8:05  Overlord  
  110  8:09  Zergling x2  
  110  8:11  Zerg Ground Armor Level 2  
  110  8:12  Zergling x2  
  112  8:13  Zergling x4  
  112  8:17  Drone  
  112  8:19  Evolution Chamber  
  113  8:21  Zergling x12  
  113  8:27  Zergling x10  
  120  8:33  Queen  
  126  8:35  Zergling x6  
  126  8:37  Baneling x2  
  126  8:39  Zergling x2  
  126  8:40  Zergling x4  
  132  8:41  Zergling x2  
  132  8:42  Zergling x2  
  132  8:43  Zergling x2  
  132  8:45  Baneling  
  132  8:46  Baneling  
  132  8:47  Overlord  
  132  8:48  Overlord  
  135  8:52  Mutalisk x2  
  139  8:56  Mutalisk  
  139  9:00  Overlord  
  139  9:09  Mutalisk x6  
  148  9:11  Drone  
  148  9:14  Drone x3  
  148  9:15  Drone  
  153  9:19  Mutalisk  
  153  9:20  Mutalisk  
  153  9:22  Drone x2  
  159  9:25  Zerg Flyer Weapons Level 1  
  159  9:26  Zergling x2  
  159  9:27  Zergling x4  
  159  9:29  Extractor  
  160  9:35  Overlord x4  
  160  9:37  Baneling x2  
  155  9:43  Zergling x12  
  157  9:47  Zergling x2  
  157  9:48  Overlord  
  157  9:49  Overlord  
  157  9:50  Overlord  
  152  9:54  Overlord  
  152  9:57  Mutalisk x2  
  156  10:07  Mutalisk x3  
  156  10:08  Mutalisk  
  156  10:10  Baneling  
  156  10:11  Baneling x4  
  164  10:17  Zergling x20  
  164  10:21  Zergling x6  
  176  10:26  Zergling x12  
  175  10:30  Pneumatized Carapace  
  175  10:31  Zergling x4  
  175  10:32  Zergling x2  
  159  10:38  Zergling x12  
  159  10:40  Baneling x2  
  159  10:41  Baneling x4  
  161  10:48  Zergling x6  
  139  10:51  Zergling x14  
  139  10:56  Mutalisk x3  
  137  11:00  Baneling x7  
  137  11:02  Zergling x2  
  137  11:03  Zergling x2  
  142  11:05  Mutalisk  
  142  11:10  Zergling x2  
  142  11:11  Zergling x10  
  141  11:15  Baneling x2  
  141  11:16  Baneling x9  
  141  11:18  Zergling x2  
  141  11:19  Zergling x2  
  141  11:22  Zergling x6  
  141  11:23  Baneling  
  141  11:24  Baneling x4  
  146  11:30  Zergling x12  
  152  11:34  Zergling x2  
  152  11:35  Zergling x8  
  157  11:42  Zergling x2  
  157  11:44  Zergling x10  
  147  11:48  Baneling x6  

Tags
 
Add a new tag
Caveats
  • Supply blocks, unpowered buildings, or Contaminate may cause inaccurate times.
  • Supply counts are checked every 10 seconds.